 Dungeon Crawl Stone Soup version 0.23-a0-837-ga3e6480 (webtiles) character file.

3817 poirepourri the Cleaver (level 9, -3/74 HPs)
             Began as a Deep Dwarf Fighter on Jan 24, 2019.
             Was a Believer of Makhleb.
             Slain by Erica
             ... wielding a +0 scimitar of flaming
              (4 damage)
             ... on level 8 of the Dungeon.
             The game lasted 00:04:44 (5198 turns).

poirepourri the Cleaver (Deep Dwarf Fighter)        Turns: 5198, Time: 00:04:45

Health: -3/74      AC: 14    Str: 19    XL:     9   Next: 97%
Magic:  6/6        EV:  7    Int: 10    God:    Makhleb [**....]
Gold:   200        SH:  9    Dex: 15    Spells: 8/8 levels left

rFire    . . .     SeeInvis .   a - +1 war axe
rCold    . . .     Gourm    .   c - +0 shield
rNeg     + . .     Faith    .   v - +8 scale mail "Zipoe" {rN+ MR++}
rPois    .         Spirit   .   (no helmet)
rElec    .         Reflect  .   e - scarf {cloud immunity}
rCorr    .         Harm     .   (no gloves)
MR       +++..                  (no boots)
Stlth    ..........             (no amulet)
HPRegen  0.00/turn              (no ring)
MPRegen  0.10/turn              (no ring)

@: lethally poisoned (-3 -> -3), non-regenerating
A: damage resistance, heal wounds, sense surroundings 2, no regeneration
a: Heal Wounds, Minor Destruction, Renounce Religion


You were on level 8 of the Dungeon.
You worshipped Makhleb.
Makhleb was pleased with you.
You were not hungry.

You visited 2 branches of the dungeon, and saw 9 of its levels.

You collected 425 gold pieces.
You spent 225 gold pieces at shops.

Inventory:

Hand Weapons
 a - a +1 war axe (weapon)
Missiles
 w - 6 steel tomahawks (quivered)
Armour
 b - a +0 scale mail
 c - a +0 shield (worn)
 e - a scarf of cloud immunity (worn)
 k - a +0 cloak
 m - a +0 chain mail of fire resistance
 v - the +8 scale mail "Zipoe" (worn) {rN+ MR++}
   (You bought it in a shop on level 6 of the Dungeon)

   It protects you from negative energy.
   It affects your resistance to hostile enchantments.
 z - a +0 pair of boots
Jewellery
 j - a +5 ring of intelligence {unknown}
Wands
 y - a wand of disintegration (9)
Scrolls
 i - a scroll of fog
 q - 2 scrolls of remove curse
 r - 2 scrolls of teleportation
 t - a scroll of blinking
 u - 3 scrolls of amnesia
Potions
 d - 3 potions of might
 g - 2 potions of lignification
 h - 2 potions of flight
 l - 4 potions of haste {unknown}
 n - 2 potions of berserk rage {unknown}
 o - a potion of brilliance {unknown}
 s - 2 potions of curing {unknown}
 x - a potion of heal wounds {unknown}
 A - a potion of ambrosia
Comestibles
 f - 7 rations


   Skills:
 - Level 2.6 Fighting
 + Level 14.9 Axes
 - Level 3.2 Armour
 - Level 3.2 Shields


You had 8 spell levels left.
You didn't know any spells.
Your spell library was empty.

Dungeon Overview and Level Annotations

Branches:
Dungeon (8/15)             Temple (1/1) D:5
   Lair: D:8-11

Altars:
Ashenzari
Cheibriados
Dithmenos
Gozag
Hepliaklqana
Kikubaaqudgha
Makhleb
Nemelex Xobeh
Okawaru
Qazlal
Ru
Sif Muna
Trog
Uskayaw
Vehumet
Wu Jian
Xom
Yredelemnul
Zin
The Shining One
Beogh

Shops:
D:6 [

Annotations:
D:6 3 runed doors, RoseArtemis's ghost, novice CeGl
D:8 Erica


Innate Abilities, Weirdness & Mutations

You are resistant to damage.
You can heal yourself by infusing magical energy.
You passively map the area around you.
You do not regenerate.


Message History

You slash something! Something hits you but does no damage.
You hit something. Something hits you but does no damage.
You closely miss something. You closely miss something.
You block something's attack.
You slice something!!
You hear some strange, mumbled words.
Something tries to affect you, but you resist.
You slash something! You closely miss something. Something hits you!
Something burns you.
* * * LOW HITPOINT WARNING * * *
You closely miss something. Something hits you. Something burns you.
You hit something. You miss something.
You hear some strange, mumbled words.
A bolt of poison appears from out of thin air!
You are poisoned.
The bolt of poison hits you!!
* * * LOW HITPOINT WARNING * * *
You miss something. Something hits you.
You die...

** * ,, , , , *,, *
#........ ,,, ,, ,
#........ ,, , , ,,
, ,*, +........ ,
,#........ ,, ,, ,
,,* #......, ,
+######.... , , , +
.......).# * * * * ,
.......@.# * , , ,
,.......{.#, , , ,
.........#####+#..*,
* +#..............#*
* ,,
,+........<.....# ,
, ,,
#..............# , *
................#* *
.####........#### ,
, , #........# ,


There were no monsters in sight!

Vanquished Creatures
  A two-headed ogre (D:8)
  A centaur skeleton (D:7)
  Prince Ribbit (D:6)
  2 hippogriffs
  Sigmund (D:6)
  A hungry ghost (D:7)
  A water moccasin (D:7)
  An ice beast (D:6)
  A sky beast (D:7)
  An orc warrior (D:6)
  2 centaurs (D:7)
  A big kobold (D:7)
  A bullfrog (D:6)
  A gnoll sergeant (D:7)
  A scorpion (D:4)
  3 killer bees (D:7)
  5 wights (D:7)
  5 howler monkeys
  6 hounds
  A quasit (D:6)
  A bullfrog skeleton (D:7)
  4 orc wizards
  An iguana (D:5)
  3 worker ants
  6 adders
  12 gnolls
  A shadow imp (D:7)
  An adder skeleton (D:7)
  4 worms
  2 leopard geckos
  11 orcs
  6 giant cockroaches
  5 goblins
  7 hobgoblins
  2 jackals (D:7)
  5 kobolds
  4 quokkas
  3 ball pythons
  6 bats
  7 frilled lizards
  9 rats
137 creatures vanquished.

Notes
Turn   | Place    | Note
-------+----------+-------------------------------------------
     0 | D:1      | poirepourri the Deep Dwarf Fighter began the quest for the
                  | Orb.
     0 | D:1      | Reached XP level 1. HP: 20/20 MP: 1/1
   607 | D:1      | Reached skill level 3 in Axes
   734 | D:2      | Reached XP level 2. HP: 18/27 MP: 2/2
   775 | D:2      | Reached skill level 4 in Axes
   775 | D:2      | Reached XP level 3. HP: 8/33 MP: 3/3
   783 | D:2      | Found a deep blue altar of Sif Muna.
  1367 | D:3      | Reached XP level 4. HP: 28/40 MP: 4/4
  1563 | D:3      | Reached skill level 5 in Axes
  2334 | D:4      | Reached XP level 5. HP: 26/46 MP: 5/5
  2414 | D:4      | Reached skill level 6 in Axes
  2927 | D:5      | Entered Level 5 of the Dungeon
  3015 | D:5      | Found a staircase to the Ecumenical Temple.
  3035 | D:5      | Reached skill level 7 in Axes
  3035 | D:5      | Reached XP level 6. HP: 22/55 MP: 6/6
  3041 | Temple   | Entered the Ecumenical Temple
  3185 | Temple   | Became a worshipper of Makhleb the Destroyer
  3687 | D:6      | Noticed Prince Ribbit
  3703 | D:6      | Killed Prince Ribbit
  3703 | D:6      | Reached skill level 8 in Axes
  3703 | D:6      | Reached XP level 7. HP: 20/61 MP: 6/6
  3729 | D:6      | Reached skill level 9 in Axes
  3737 | D:6      | Reached * piety under Makhleb
  3786 | D:6      | Noticed Sigmund
  3795 | D:6      | Killed Sigmund
  3809 | D:6      | Reached skill level 10 in Axes
  3885 | D:6      | Reached XP level 8. HP: 53/68 MP: 7/7
  3939 | D:6      | Found Bimik's Antique Armour Shoppe.
  3951 | D:6      | Bought a steaming scale mail for 225 gold pieces
  3961 | D:6      | Identified the +8 scale mail "Zipoe" {rN+ MR++} (You bought
                  | it in a shop on level 6 of the Dungeon)
  4182 | D:6      | Found a runed gate.
  4183 | D:6      | Found a runed gate.
  4183 | D:6      | Noticed RoseArtemis's ghost (novice CeGl)
  4184 | D:6      | Found a runed gate.
  4187 | D:6      | Found a roughly hewn altar of Beogh.
  4188 | D:6      | Identified the +10 plate armour "Uriruos" {-Cast Int+3
                  | Dex+5 Stlth+}
  4241 | D:7      | Noticed a hippogriff
  4257 | D:6      | Killed a hippogriff
  4257 | D:6      | Reached skill level 11 in Axes
  4427 | D:7      | Noticed a hippogriff
  4443 | D:7      | Killed a hippogriff
  4445 | D:7      | Reached skill level 12 in Axes
  4506 | D:7      | Gained mutation: You passively map the area around you.
                  | [Deep Dwarf growth]
  4506 | D:7      | Reached XP level 9. HP: 58/74 MP: 8/8
  4560 | D:7      | Reached ** piety under Makhleb
  4564 | D:7      | Reached skill level 13 in Axes
  4811 | D:7      | Reached skill level 14 in Axes
  5163 | D:8      | Noticed Erica
  5163 | D:8      | Noticed a two-headed ogre
  5182 | D:8      | HP: 3/74 [something (2)]
  5185 | D:8      | Killed a two-headed ogre
  5197 | D:8      | HP: 1/74 [something/bolt of poison (19)]
  5198 | D:8      | Slain by Erica

Vault maps used:
D:1:      kennysheep_arrival_forest
D:2:      nicolae_overflow_crystal_walls
D:3:      minivault_23
D:5:      minmay_temple_entry_statues_fountains, portal_sewer_entry_b,
          first_ration
D:6:      serial_shops, nicolae_shop_overgrown_old_shop,
          biasface_ghost_orc_armoury, uniq_prince_ribbit1, uniq_sigmund
D:8:      serial_shops, shop_statue, nicolae_shop_stone, nicolae_shop_crystal,
          shop, nicolae_shop_statue_plus, uniq_erica
Temple:   roderic_octagonal_lattice_temple

Skill      XL: |  1  2  3  4  5  6  7  8  9 |
---------------+----------------------------+-----
Axes           | 3 4 5 7 8 10 12 14 | 14.9
Fighting       | |  2.6
Armour         | |  3.2
Shields        | |  3.2

Action                   |  1- 3 |  4- 6 |  7- 9 || total
-------------------------+-------+-------+-------++-------
Melee: War axe           |    86 |   163 |   268 ||   517
 Abil: Heal Wounds       |     2 |     4 |     5 ||    11
Evoke: Wand              |       |     3 |     6 ||     9
  Use: Scroll            |     6 |     4 |       ||    10
       Potion            |       |       |     2 ||     2
 Stab: Paralysed         |       |     3 |     4 ||     7
  Eat: Ration            |     1 |     2 |     3 ||     6
Armor: Scale mail        |    29 |     8 |   104 ||   141
       Chain mail        |       |    60 |    32 ||    92
Dodge: Dodged            |    24 |    42 |    76 ||   142
Block: Shield            |    42 |    69 |   157 ||   268

Table legend:
 A = Non-vault XP
 B = Vault XP
 C = Vault XP percentage of total XP
 D = Non-vault monster count
 E = Vault monster count
 F = Vault count percentage of total count
                 A         B        C        D         E       F
            +---------+---------+-------+---------+---------+-------
      Total |    4906 |     548 |  10.0 |     129 |       8 |   5.8
            +---------+---------+-------+---------+---------+-------
        D:1 |      11 |       0 |   0.0 |       8 |       0 |   0.0
        D:2 |      82 |       0 |   0.0 |      19 |       0 |   0.0
        D:3 |      44 |       0 |   0.0 |      19 |       0 |   0.0
        D:4 |     220 |       0 |   0.0 |      10 |       0 |   0.0
        D:5 |     161 |      10 |   5.8 |      10 |       6 |  37.5
        D:6 |     953 |     538 |  36.1 |      22 |       2 |   8.3
        D:7 |    2525 |       0 |   0.0 |      40 |       0 |   0.0
        D:8 |     910 |       0 |   0.0 |       1 |       0 |   0.0
            +---------+---------+-------+---------+---------+-------
